 Dungeon Crawl Stone Soup version 0.23.2-33-g5129a83184 (webtiles) character file.

Game seed: 11477234967936936933

258 Marnok the Chopper (level 5, -1/52 HPs)
             Began as a Troll Fighter on July 26, 2019.
             Was an Initiate of Qazlal.
             Slain by a phantom (5 damage)
             ... on level 4 of the Dungeon.
             The game lasted 00:10:22 (2356 turns).

Marnok the Chopper (Troll Fighter)                  Turns: 2356, Time: 00:10:23

Health: -1/52      AC:  6    Str: 25      XL:     5   Next: 94%
Magic:  4/4        EV:  9    Int:  3 (4)  God:    Qazlal [......]
Gold:   233        SH:  9    Dex:  9      Spells: 4/4 levels left

rFire    . . .     SeeInvis .   a - +0 war axe
rCold    . . .     Gourm    +   c - +0 shield
rNeg     . . .     Faith    .   b - +0 robe
rPois    .         Spirit   .   (helmet restricted)
rElec    .         Reflect  .   (no cloak)
rCorr    .         Harm     .   (gloves unavailable)
MR       .....                  (boots unavailable)
Stlth    +.........             (no amulet)
HPRegen  0.57/turn              (no ring)
MPRegen  0.09/turn              (no ring)

@: no status effects
A: large, unfitting armour, claws 3, fast metabolism 3, gourmand, regeneration
1, shaggy fur 1, tough skin 3
a: Renounce Religion


You were on level 4 of the Dungeon.
You worshipped Qazlal.
Qazlal was noncommittal.
You were very full.

You visited 1 branch of the dungeon, and saw 5 of its levels.

You collected 233 gold pieces.

Inventory:

Hand Weapons
 a - a +0 war axe (weapon)
 d - a +2 antimagic spear
Armour
 b - a +0 robe (worn)
 c - a +0 shield (worn)
Scrolls
 g - a scroll of identify
 h - a scroll of fog
 i - a scroll of remove curse
Potions
 l - 2 potions of flight
Comestibles
 f - 6 rations
 p - a chunk of flesh


   Skills:
 + Level 2.9 Fighting
 + Level 3.5 Axes
 + Level 3.2 Dodging
 + Level 0.2 Stealth
 + Level 3.4 Shields


You had 4 spell levels left.
You didn't know any spells.
Your spell library was empty.

Dungeon Overview and Level Annotations

Branches:
Dungeon (5/15)
 Temple: D:4-7

Altars:
Ashenzari
Cheibriados
Fedhas
Qazlal
Trog
Zin

Annotations:
D:4 2 runed translucent doors


Innate Abilities, Weirdness & Mutations

You are too large for most types of armour.
You have claws for hands.
Your metabolism is lightning-fast.
You like to eat raw meat.
Your natural rate of healing is unusually fast.
You are covered in fur. (AC +1)
You have extremely tough skin. (AC +3)


Message History

The phantom is heavily damaged.
The phantom hits you.
* * * LOW HITPOINT WARNING * * *
You hit the phantom.
The phantom is severely damaged.
The phantom hits you.
* * * LOW HITPOINT WARNING * * *
The phantom blinks!
You barely miss the giant cockroach.
The giant cockroach bites you but does no damage.
You hit the phantom.
The phantom is severely damaged.
The phantom blinks!
You hit the giant cockroach.
You kill the giant cockroach!
Qazlal accepts your kill.
The phantom blinks!
Some of the chunks of flesh in your inventory have rotted away.
The phantom hits you.
You die...

.##... ..#...
.....##
.....##
##.....##
##.§§.§§§##
##..§.§W§..##
#...§§§@§§..#
##.....§§§...#
#.....§§§§..##
#.........###
######.###
#.## #.)# ###
.
#..#####.###..
##.#.........


You could see a phantom.

Vanquished Creatures
  A scorpion (D:4)
  An orc priest (D:4)
  An orc wizard (D:4)
  Robin (D:3)
  4 adders (D:3)
  4 dart slugs
  2 leopard geckos
  7 orcs
  7 bats
  9 giant cockroaches
  15 goblins
  10 hobgoblins
  2 jackals (D:3)
  A quokka (D:2)
  A ball python skeleton (D:4)
  7 frilled lizards
  8 kobolds
  8 rats
89 creatures vanquished.

Notes
Turn   | Place    | Note
-------+----------+-------------------------------------------
     0 | D:1      | Marnok the Troll Fighter began the quest for the Orb.
     0 | D:1      | Reached XP level 1. HP: 22/22 MP: 0/0
   282 | D:2      | Reached XP level 2. HP: 25/29 MP: 1/1
   625 | D:1      | Reached XP level 3. HP: 34/36 MP: 2/2
  1810 | D:3      | Reached XP level 4. HP: 44/44 MP: 3/3
  1815 | D:3      | Noticed Robin
  1827 | D:3      | Killed Robin
  1963 | D:3      | Reached XP level 5. HP: 50/52 MP: 4/4
  2055 | D:3      | Found a blossoming altar of Fedhas.
  2056 | D:3      | Found a shattered altar of Ashenzari.
  2058 | D:3      | Found a stormy altar of Qazlal.
  2058 | D:3      | Found a snail-covered altar of Cheibriados.
  2060 | D:3      | Found a bloodstained altar of Trog.
  2061 | D:3      | Found a glowing silver altar of Zin.
  2083 | D:3      | Became a worshipper of Qazlal Stormbringer
  2186 | D:3      | You fall through a shaft!
  2187 | D:4      | Noticed a phantom
  2265 | D:5      | Entered Level 5 of the Dungeon
  2297 | D:4      | Found a runed translucent gate.
  2297 | D:4      | Found a runed translucent gate.
  2352 | D:4      | HP: 1/52 [phantom (5)]
  2356 | D:4      | Slain by a phantom

Skill      XL: |  1  2  3  4  5 |
---------------+----------------+-----
Axes           | 2 3 |  3.5
Shields        | 3 |  3.4
Dodging        | 3 |  3.2
Fighting       | |  2.9
Stealth        | |  0.2

Action                   |  1- 3 |  4- 6 || total
-------------------------+-------+-------++-------
Melee: War axe           |   149 |   139 ||   288
  Use: Potion            |       |     4 ||     4
       Scroll            |       |     9 ||     9
 Stab: Sleeping          |     2 |       ||     2
  Eat: Chunk             |    19 |     8 ||    27
Armor: Robe              |    70 |    68 ||   138
Dodge: Dodged            |    60 |    65 ||   125
Block: Shield            |    92 |    96 ||   188
